 Dungeon Crawl Stone Soup version 0.31.0-4-g52a2dc7128 (webtiles) character file.

Game seed: 6959093552630070067

119 PaiMei the Ruffian (level 5, -12/40 HPs)
             Began as a Gnoll Shapeshifter on Jan 23, 2024.
             Mangled by an orc priest
             ... wielding a +0 whip of electrocution
              (17 damage)
             ... on level 3 of the Dungeon.
             The game lasted 00:03:00 (1851 turns).

PaiMei the Ruffian (Gnoll Shapeshifter)             Turns: 1851, Time: 00:03:01

Health: -12/40     AC:  2    Str: 15    XL:     5   Next: 3%
Magic:  7/7        EV: 13    Int: 10    God:
Gold:   149        SH:  0    Dex: 11    Spells: 6/6 levels left

rFire   . .          .
                       - Unarmed
rCold   . . .        (no shield)
rNeg    . . .        a - +0 animal skin
rPois   .            (helmet currently unavailable)
rElec   .            (cloak currently unavailable)
rCorr   .            (gloves currently unavailable)
SInv    .            (boots currently unavailable)
Will    .....        (no amulet)
Stlth   ++           (no ring)
HPRegen 0.26/turn    (no ring)
MPRegen 0.10/turn

%: no passive effects
@: beast-form
A: beast (slay +3), fangs 1, strong nose, distributed training
a: Begin Untransformation


You were on level 3 of the Dungeon.
You were a hulking beast.
You visited 1 branch of the dungeon, and saw 3 of its levels.

You collected 149 gold pieces.

Inventory:

Missiles
 o - 6 poisoned darts (quivered)
Armour
 a - a +0 animal skin (worn)
 r - a +0 helmet
Jewellery
 h - a ring of protection from cold
Talismans
 c - a beast talisman (active)
 d - a flux talisman
Scrolls
 g - 4 scrolls of immolation {unknown}
 i - a scroll of vulnerability {unknown}
 j - a scroll of enchant weapon {unknown}
 k - a scroll of teleportation {unknown}
 l - a scroll of amnesia {unknown}
 m - a scroll of fear {unknown}
 n - a scroll of brand weapon {unknown}
Potions
 b - 2 potions of lignification
 e - 2 potions of berserk rage {unknown}
 f - 2 potions of curing {unknown}
 p - a potion of cancellation {unknown}
 q - a potion of haste {unknown}


   Skills:
 + Level 2.9 Fighting
 + Level 1.4 Short Blades
 + Level 1.4 Long Blades
 + Level 1.4 Axes
 + Level 1.4 Maces & Flails
 + Level 1.4 Polearms
 + Level 1.4 Staves
 + Level 1.4 Ranged Weapons
 + Level 1.4 Throwing
 + Level 1.4 Armour
 + Level 4.7 Dodging
 + Level 1.4 Stealth
 + Level 1.4 Shields
 + Level 6.6 Unarmed Combat
 + Level 1.4 Spellcasting
 + Level 1.1 Conjurations
 + Level 1.1 Hexes
 + Level 1.1 Summonings
 + Level 1.1 Necromancy
 + Level 1.1 Translocations
 + Level 1.1 Fire Magic
 + Level 1.1 Ice Magic
 + Level 1.1 Air Magic
 + Level 1.1 Earth Magic
 + Level 1.1 Alchemy
 + Level 1.5 Invocations
 + Level 1.4 Evocations
 + Level 6.6 Shapeshifting


You had 6 spell levels left.
You didn't know any spells.
Your spell library contained the following spells:

 Spells                   Type           Power      Damage    Failure   Level
 Sandblast                Erth           4%         2d4       22%         1
 Blink                    Tloc           4%         N/A       32%         2
 Call Imp                 Summ           4%         N/A       32%         2
 Ensorcelled Hibernation  Hex/Ice        4%         N/A       32%         2
 Lesser Beckoning         Tloc           4%         N/A       32%         2
 Momentum Strike          Conj/Tloc      4%         3d8       32%         2
 Sublimation of Blood     Necr           2%         N/A       32%         2
 Fugue of the Fallen      Necr           2%         N/A       54%         3
 Passwall                 Erth           2%         N/A       54%         3
 Stone Arrow              Conj/Erth      4%         3d7       54%         3
 Anguish                  Hex/Necr       1%         N/A       91%         4
 Brom's Barrelling Bould  Conj/Erth      2%         2d3       91%         4
 Summon Hydra             Summ           1%         N/A       100%        7


Dungeon Overview and Level Annotations

Branches:
Dungeon (3/15)

Altars:

Shops:
D:1 =


Innate Abilities, Weirdness & Mutations

You are a hulking beast.
Your limbs bulge with bestial killing power. (Slay +3)
You have very sharp teeth.
Your uncanny sense of smell can sniff out nearby items.
Your experience applies equally to all skills.


Message History

r - a +0 helmet An orc comes into view. It is wielding a +2 falchion of venom.
The orc shouts!
An orc comes into view. It is wielding a +0 club.
An orc priest comes into view.
It is wielding a +0 whip of electrocution.
The orc closely misses you.
The orc priest shouts!
You hit the orc.
The orc is almost dead.
You hit the orc.
You kill the orc!
You have reached level 5!
You hit the orc.
The orc is heavily wounded.
The orc closely misses you.
An orc comes into view. It is wielding a +0 whip.
The orc shouts!
You punch the orc!
You kill the orc!
You hear an angry hiss.
The orc priest miscasts a cantrip.
The orc priest invokes the aid of Beogh against you.
Beogh smites you!
Items here: )) ? [ †.
You closely miss the orc priest. The orc priest closely misses you.
You barely miss the orc priest. The orc priest barely misses you.
You barely miss the orc priest. Your punch misses the orc priest.
The orc barely misses you.
The orc priest calls down the wrath of Beogh upon you.
Beogh smites you!
* * * LOW HITPOINT WARNING * * *
The orc barely misses you.
You barely miss the orc. You bite the orc.
The orc is moderately wounded.
The orc priest closely misses you. The orc hits you with a +0 whip.
* * * LOW HITPOINT WARNING * * *
You closely miss the orc priest.
The orc priest hits you but does no damage.
You are electrocuted!
You die...

###
#..
#.#
...
#.# ∆
#.#
#h###
#oo.#
###)#
#.#
#.#
#.#
#.#
#.#
#.###


You could see an orc priest and an orc.

Vanquished Creatures
  A bombardier beetle (D:3)
  3 adders
  3 dart slugs
  A ribbon worm (D:2)
  2 orcs (D:3)
  6 endoplasms
  A giant cockroach (D:1)
  5 goblins
  2 hobgoblins
  2 jackals (D:2)
  2 quokkas
  2 ball pythons (D:3)
  4 bats
  4 frilled lizards
  2 kobolds
  5 rats
45 creatures vanquished.

Notes
Turn   | Place    | Note
-------+----------+-------------------------------------------
     0 | D:1      | PaiMei the Gnoll Shapeshifter began the quest for the Orb.
     0 | D:1      | Reached XP level 1. HP: 17/17 MP: 1/1
    24 | D:1      | Found Zaggan's Jewellery Boutique.
   265 | D:1      | Reached XP level 2. HP: 23/23 MP: 2/2
   937 | D:2      | Reached XP level 3. HP: 22/28 MP: 3/3
  1111 | D:2      | Reached skill level 1 in Invocations
  1153 | D:2      | Reached skill level 1 in Short Blades
  1153 | D:2      | Reached skill level 1 in Long Blades
  1153 | D:2      | Reached skill level 1 in Axes
  1153 | D:2      | Reached skill level 1 in Maces & Flails
  1153 | D:2      | Reached skill level 1 in Polearms
  1153 | D:2      | Reached skill level 1 in Staves
  1153 | D:2      | Reached skill level 1 in Ranged Weapons
  1153 | D:2      | Reached skill level 1 in Throwing
  1153 | D:2      | Reached skill level 1 in Armour
  1153 | D:2      | Reached skill level 1 in Stealth
  1153 | D:2      | Reached skill level 1 in Shields
  1153 | D:2      | Reached skill level 1 in Spellcasting
  1153 | D:2      | Reached skill level 1 in Evocations
  1325 | D:2      | Reached XP level 4. HP: 15/34 MP: 5/5
  1672 | D:3      | Reached skill level 1 in Conjurations
  1672 | D:3      | Reached skill level 1 in Hexes
  1672 | D:3      | Reached skill level 1 in Summonings
  1672 | D:3      | Reached skill level 1 in Necromancy
  1672 | D:3      | Reached skill level 1 in Translocations
  1672 | D:3      | Reached skill level 1 in Fire Magic
  1672 | D:3      | Reached skill level 1 in Ice Magic
  1672 | D:3      | Reached skill level 1 in Air Magic
  1672 | D:3      | Reached skill level 1 in Earth Magic
  1672 | D:3      | Reached skill level 1 in Alchemy
  1842 | D:3      | Reached XP level 5. HP: 40/40 MP: 7/7
  1851 | D:3      | Mangled by an orc priest

Illustrated notes

Levels and vault maps discovered:
D:1:      saegor_arrival_simple_a, layout_loops_corners, serial_shops,
          nicolae_diamond_shop
D:2:      layout_basic, minmay_fractal_squares_gapless_5
D:3:      layout_basic, zin_statuary, serial_shops, shop, eino_tiny_chamber,
          uniq_sigmund

Skill      XL: |  1  2  3  4 |
---------------+-------------+-----
Invocations    | 1 |  1.5
Short Blades   | 1 |  1.4
Long Blades    | 1 |  1.4
Axes           | 1 |  1.4
Maces & Flails | 1 |  1.4
Polearms       | 1 |  1.4
Staves         | 1 |  1.4
Ranged Weapons | 1 |  1.4
Throwing       | 1 |  1.4
Armour         | 1 |  1.4
Stealth        | 1 |  1.4
Shields        | 1 |  1.4
Spellcasting   | 1 |  1.4
Evocations     | 1 |  1.4
Conjurations   | 1 |  1.1
Hexes          | 1 |  1.1
Summonings     | 1 |  1.1
Necromancy     | 1 |  1.1
Translocations | 1 |  1.1
Fire Magic     | 1 |  1.1
Ice Magic      | 1 |  1.1
Air Magic      | 1 |  1.1
Earth Magic    | 1 |  1.1
Alchemy        | 1 |  1.1
Fighting       | |  2.9
Dodging        | |  4.7
Unarmed Combat | |  6.6
Shapeshifting  | |  6.6

Action                     |  1- 3 |  4- 6 || total
---------------------------+-------+-------++-------
  Melee: Unarmed           |    69 |    30 ||    99
         Bite              |     5 |     2 ||     7
   Stab: Sleeping          |     1 |       ||     1
 Armour: Animal skin       |    25 |    10 ||    35
  Dodge: Dodged            |    36 |    17 ||    53
   Form: Beast             |     1 |       ||     1
